 Dungeon Crawl Stone Soup version 0.16-a0-3667-g690a316 (webtiles) character file.

29 Ekaitz the Digger (level 3, 0/25 HPs)
             Began as a Bearkin Earth Elementalist on May 4, 2015.
             Killed from afar by Sigmund (5 damage)
             ... with a wand of magic darts
             ... on level 2 of the Dungeon.
             The game lasted 00:03:56 (1231 turns).

Ekaitz the Digger (Bearkin Earth Elementalist)      Turns: 1231, Time: 00:03:56

Health: 0/25       AC:  4    Str: 11    XL:     3   Next: 1%
Magic:  6/6        EV: 12    Int: 15    God:
Gold:   49         SH:  0    Dex: 12    Spells: 2 memorised, 3 levels left

rFire  . . .     SeeInvis .     b - 43 stones
rCold  . . .     Clarity  .     c - +0 robe
rNeg   . . .     SustAb   .     (no shield)
rPois  +         Gourm    .     m - +0 helmet
rElec  .         Spirit   .     (no cloak)
rCorr  .         Warding  .     (no gloves)
rMut   .         Stasis   .     (no boots)
MR     .....                    (no amulet)
Stlth  ++........               q - +1 ring of intelligence
                                g - ring of poison resistance

@: not resistant to hostile enchantments, unstealthy
A: claws 1, shaggy fur 1, hind claws 1, cornered berserk
a: Cornered Berserk


You were on level 2 of the Dungeon.
You were very hungry.

You visited 1 branch of the dungeon, and saw 2 of its levels.

You collected 49 gold pieces.

Inventory:

Missiles
 b - 43 stones (in claw)
 e - 5 curare-tipped needles
 i - 16 poisoned needles
Armour
 c - a +0 robe (worn)
 h - a +0 hat
 m - a +0 helmet (worn)
Jewellery
 g - a ring of poison resistance (left claw)
 q - a +1 ring of intelligence (right claw)
Scrolls
 f - 2 scrolls of teleportation {unknown}
 j - a scroll of enchant weapon {unknown}
 l - 2 scrolls of remove curse {unknown}
 n - a scroll of fear {unknown}
 p - a scroll of amnesia {unknown}
 r - a scroll of blinking {unknown}
 s - a scroll of identify {unknown}
Potions
 k - a potion of invisibility {unknown}
 o - a potion of beneficial mutation {unknown}
 t - a potion of restore abilities {unknown}
Books
 d - a book of Geomancy

   Spells                             Type                      Level
   a - Sandblast                      Earth                        1
   b - Stoneskin                      Transmutation/Earth          2
   c - Passwall                       Transmutation/Earth          3
   d - Stone Arrow                    Conjuration/Earth            3
   e - Petrify                        Transmutation/Earth          4
   f - Lee's Rapid Deconstruction     Earth                        5
Comestibles
 a - a bread ration


   Skills:
 * Level 0.4 Fighting
 + Level 1.9 Dodging
 + Level 1.6 Stealth
 * Level 0.6 Unarmed Combat
 + Level 2.1 Spellcasting
 * Level 1.3 Transmutations
 + Level 3.3 Earth Magic


You had 3 spell levels left.
You knew the following spells:

 Your Spells              Type           Power        Failure   Level  Hunger
a - Sandblast             Erth           ##....       8%          1    #......
b - Stoneskin             Trmt/Erth      #.......     14%         2    ###....


Dungeon Overview and Level Annotations

Branches:
Dungeon (2/15)

Altars:

Annotations:
D:2 Sigmund


Innate Abilities, Weirdness & Mutations

You have sharp fingernails.
You are covered in fur (AC +1).
Your hind legs have claws.
You can berserk when greatly wounded.


Message History

You see here a robe.
You see here 18 arrows.
You are feeling very hungry.
There is a stone staircase leading down here.
You climb downwards.
Sigmund the Dreaded comes into view.
He is wielding a scythe of flaming.
Sigmund shouts!
You hear a shout!
Sigmund zaps a wand.
The magic dart hits you!
It is a wand of magic darts.
There is a stone staircase leading up here.
You climb upwards.
There is a stone staircase leading down here.
There is a stone staircase leading down here.
You climb downwards.
Level annotation: Sigmund Sigmund zaps a wand.
The magic dart hits you!
* * * LOW HITPOINT WARNING * * *
A hobgoblin comes into view. It is wielding a club.
There is a stone staircase leading up here.
Sigmund zaps a wand.
The magic dart hits you!
You die...

##### ##...##
##.....##
#..@....#
#.......#
#.......#
######.....##
#...<...@..#
#.###.......#
#g......#
........
#.....#


You could see Sigmund and a hobgoblin.

Vanquished Creatures
  A giant gecko (D:1)
  4 goblins (D:1)
  2 hobgoblins (D:1)
  2 jackals (D:1)
  A ball python (D:1)
  6 bats (D:1)
  A giant cockroach (D:1)
  2 giant newts (D:1)
  5 kobolds (D:1)
  A rat (D:1)
25 creatures vanquished.

Notes
Turn   | Place    | Note
--------------------------------------------------------------
     0 | D:1      | Ekaitz, the Bearkin Earth Elementalist, began the quest for the Orb.
     0 | D:1      | Reached XP level 1. HP: 13/13 MP: 3/3
   429 | D:1      | Reached XP level 2. HP: 17/19 MP: 2/4
   436 | D:1      | Learned a level 2 spell: Stoneskin
  1155 | D:1      | Reached XP level 3. HP: 12/25 MP: 4/6
  1217 | D:2      | Noticed Sigmund
  1231 | D:2      | Killed from afar by Sigmund

Action                   || total
-------------------------++-------
Melee: Unarmed           ||   104
 Cast: Sandblast         ||    14
       Stoneskin         ||     3
 Abil: Cornered Berserk  ||     2
 Stab: Sleeping          ||     4
  Eat: Chunk             ||     2
